 Dungeon Crawl Stone Soup version 0.23.2-1-ga50397a (webtiles) character file.

Game seed: 6765201826708451937

128604 wilfster70 the Archer (level 16, -2/149 HPs)
             Began as a White Draconian Fire Elementalist on May 17, 2019.
             Was the Champion of Ru.
             Slain by a wolf spider (4 damage)
             ... on level 2 of the Spider Nest.
             The game lasted 02:05:36 (33013 turns).

wilfster70 the Archer (DrFE)                       Turns: 33013, Time: 02:05:36

Health: -2/149     AC:  7    Str: 12 (13) XL:     16   Next: 48%
Magic:  32/32      EV: 14    Int: 21 (23) God:    Ru [******]
Gold:   551        SH:  0    Dex: 11 (14) Spells: 24/40 levels left

rFire    . . .     SeeInvis .   b - +11 shortbow of the Puffin {freeze, MR+ Str+2}
rCold    + . .     Gourm    .   (shield currently unavailable)
rNeg     . . .     Faith    .   (armour unavailable)
rPois    .         Spirit   .   (helmet restricted)
rElec    .         Reflect  .   M - +1 cloak
rCorr    .         Harm     .   u - +1 pair of gloves {Dex+3}
MR       ++...                  O - +1 pair of boots {run}
Stlth    ++........             k - amulet of Vitality {Regen+ HP+15}
HPRegen  0.74/turn              R - +4 ring of slaying
MPRegen  0.23/turn              L - ring of protection from magic

@: lethally poisoned (-2 -> -6), corroded, lightly drained, quick
A: breathe frost, unfitting armour, horns 1, cold resistance 1, wild magic 1,
cold-blooded, hated by all, magic vulnerability 1, MP-powered wands, unskilled
1, inexperienced 1, AC +9
a: Breathe Frost, Draw Out Power, Power Leap, Apocalypse, Renounce Religion


You were on level 2 of the Spider Nest.
You worshipped Ru.
Ru was exalted by your worship.
You were not hungry.

You visited 4 branches of the dungeon, and saw 25 of its levels.
You also visited: Ice Cave.

You collected 2485 gold pieces.
You spent 1934 gold pieces at shops.

Inventory:

Hand Weapons
 a - a +6 dagger of venom
 b - the +11 shortbow of the Puffin (weapon) {freeze, MR+ Str+2}
   (You found it on level 6 of the Dungeon)

   It causes projectiles fired from it to freeze those they strike, causing
   extra injury to most foes and up to half again as much damage against
   particularly susceptible opponents.
   They can also slow down cold-blooded creatures.
   It affects your strength (+2).
   It affects your resistance to hostile enchantments.
 S - the +12 glaive of Prune {chop}
   (You found it on level 15 of the Dungeon)

   It inflicts extra damage upon your enemies.
Missiles
 f - 318 arrows (quivered)
 o - 524 stones
Armour
 u - a +1 pair of gloves of dexterity (worn)
 M - a +1 cloak (worn)
 O - a +1 pair of boots of running (worn)
Jewellery
 j - a +4 ring of evasion
 k - the amulet of Vitality (around neck) {Regen+ HP+15}
   (You bought it in a shop on level 2 of the Orcish Mines)

   [amulet of regeneration]

   It affects your health (+15).
   It increases your rate of regeneration.
 r - the ring "Xodaq" {rPois rF+ rC- Str+2 Dex+3}
   (You bought it in a shop on level 2 of the Orcish Mines)

   [ring of protection from fire]

   It affects your strength (+2).
   It affects your dexterity (+3).
   It protects you from fire.
   It makes you vulnerable to cold.
   It protects you from poison.
 w - a +2 ring of intelligence
 A - an uncursed ring of wizardry
 L - a ring of protection from magic (right hand)
 R - a +4 ring of slaying (left hand)
Wands
 c - a wand of flame (63)
 h - a wand of disintegration (16)
 x - a wand of paralysis (10)
 y - a wand of digging (1)
 B - a wand of polymorph (10)
 F - a wand of scattershot (4)
 H - a wand of random effects (62)
Scrolls
 d - 2 scrolls of blinking
 g - 12 scrolls of remove curse
 l - 3 scrolls of fog
 m - 9 scrolls of teleportation
 q - 5 scrolls of amnesia
 s - 4 scrolls of fear
 z - a scroll of magic mapping
 G - 2 scrolls of identify
 Q - a scroll of enchant armour
 T - a scroll of enchant weapon
Potions
 e - 10 potions of curing
 i - 5 potions of brilliance
 n - 7 potions of heal wounds
 p - 3 potions of cancellation
 t - 6 potions of flight
 v - 4 potions of might
 D - 4 potions of invisibility
 E - a potion of agility
 I - 4 potions of lignification
 J - 2 potions of berserk rage
 K - 3 potions of haste
 N - a potion of resistance
 P - 2 potions of mutation
Comestibles
 C - 27 rations
 U - 2 chunks of flesh


   Skills:
 - Level 10.0(9.8) Fighting
 + Level 3.9(3.8) Polearms
 - Level 14.0(13.8) Bows
 - Level 6.0(5.8) Dodging
 - Level 1.5(1.4) Stealth
 + Level 12.9(12.7) Spellcasting
 - Level 7.1(6.9) Conjurations
 - Level 6.0(5.8) Charms
 - Level 6.0(5.8) Necromancy
 - Level 8.0(7.8) Fire Magic


You had 24 spell levels left.
You knew the following spells:

 Your Spells              Type           Power        Failure   Level  Hunger
a - Flame Tongue          Conj/Fire      #####        1%          1    None
b - Conjure Flame         Conj/Fire      ######..     1%          3    None
c - Sticky Flame          Conj/Fire      ######..     4%          4    None
d - Fireball              Conj/Fire      ######....   10%         5    ####...
g - Regeneration          Chrm/Necr      #####.....   2%          3    None

Your spell library contained the following spells:

 Spells                   Type           Power        Failure   Level  Hunger
 Magic Dart               Conj           ####         1%          1    None
 Pain                     Necr           ####         1%          1    None
 Throw Flame              Conj/Fire      ######       1%          2    None
 Vampiric Draining        Necr           #####.....   2%          3    None
 Iskenderun's Mystic Bla  Conj           ######..     4%          4    None
 Inner Flame              Hex/Fire       #####...     5%          3    None
 Stone Arrow              Conj/Erth      #####.       6%          3    None
 Beastly Appendage        Tmut           ###...       8%          1    None
 Corona                   Hex            ###....      8%          1    None
 Sandblast                Erth           ###...       8%          1    None
 Mephitic Cloud           Conj/Pois/Air  ####....     9%          3    None
 Blink                    Tloc           N/A          12%         2    None
 Passwall                 Tmut/Erth      ###.....     12%         2    None
 Slow                     Hex            ###.....     12%         2    None
 Iskenderun's Battlesphe  Conj/Chrm      ######..     14%         5    ####...
 Portal Projectile        Hex/Tloc       ###...       21%         3    None
 Spider Form              Tmut/Pois      ###.......   21%         3    None
 Bolt of Magma            Conj/Fire/Erth #####.....   26%         5    ####...
 Venom Bolt               Conj/Pois      #####.....   41%         5    ####...
 Cause Fear               Hex            ###.......   52%         4    None
 Ice Form                 Ice/Tmut       ###.....     52%         4    None
 Leda's Liquefaction      Hex/Erth       ###.......   52%         4    None
 Petrify                  Tmut/Erth      ###.....     52%         4    None
 Blade Hands              Tmut           ###.......   86%         5    ####...
 Lee's Rapid Deconstruct  Erth           ###.......   86%         5    ####...
 Iron Shot                Conj/Erth      #####.....   91%         6    #####..
 Orb of Destruction       Conj           ######....   96%         7    #######
 Statue Form              Tmut/Erth      ###......    100%        6    #####..
 Animate Skeleton         Necr           Unusable     N/A         1    N/A
 Animate Dead             Necr           Unusable     N/A         4    N/A
 Summon Small Mammal      Summ           Unusable     N/A         1    N/A
 Call Imp                 Summ           Unusable     N/A         2    N/A
 Sticks to Snakes         Tmut           Unusable     N/A         2    N/A
 Call Canine Familiar     Summ           Unusable     N/A         3    N/A
 Summon Guardian Golem    Hex/Summ       Unusable     N/A         3    N/A
 Summon Ice Beast         Ice/Summ       Unusable     N/A         4    N/A
 Summon Lightning Spire   Summ/Air       Unusable     N/A         4    N/A
 Spellforged Servitor     Conj/Summ      Unusable     N/A         7    N/A

Dungeon Overview and Level Annotations

Branches:
Dungeon (15/15)            Temple (0/1) D:7            Lair (6/6) D:10
 Shoals (0/4) Lair:4       Spider (2/4) Lair:4        Slime (0/5) Lair:6
    Orc (2/2) D:12            Elf (0/3) Orc:2        Vaults (0/5) D:14
 Depths (0/5) D:15

Altars:
Gozag
Ru
Uskayaw
Vehumet
Wu Jian
Xom
Beogh

Shops:
D:10 (   D:12 *[!=   D:13 :   Orc:2 [==(

Annotations:
D:14 3 runed translucent doors, krystol's ghost, journeyman FeBe
Lair:4 exclusion: orange crystal statue
Lair:5 3 runed translucent doors, Jeban's ghost, journeyman OpFi; Kaofid's ghost, journeyman GrEE; Otaguph's ghost, journeyman CeAM; slayr's ghost, journeyman VSSu


Innate Abilities, Weirdness & Mutations

You can breathe waves of freezing cold.
You can buffet flying creatures when you breathe cold.
Your icy white scales are hard. (AC +9)
You cannot fit into any form of body armour.
Your flesh is cold resistant. (rC+)
You are cold-blooded and may be slowed by cold attacks.
You are hated by all.
You are slightly vulnerable to magic. (MR-)
You are somewhat unskilled. (-1 Apt)
You are somewhat inexperienced. (-2 XL)
You have a pair of small horns on your head.
Your spells are a little harder to cast, but a little more powerful.
You expend magic power (3 MP) to strengthen your wands.


Message History

You focus your will and illuminate the wolf spider in retribution!
You redirect the entropy weaver's attack!
The redback bites you!
* * * LOW HITPOINT WARNING * * *
You disentangle yourself.
The wolf spider is stunned by your will and fails to attack.
The redback closely misses you. The wolf spider misses you.
The wolf spider bites you but does no damage.
The wolf spider barely misses you. The wolf spider bites you.
* * * LOW HITPOINT WARNING * * *
You are poisoned.
The wolf spider poisons you!
You feel sick.
The entropy weaver evades a web.
There is a stone staircase leading up here.
You feel sick. The wolf spider hits you!!
* * * LOW HITPOINT WARNING * * *
The wolf spider bites you!
* * * LOW HITPOINT WARNING * * *
The wolf spider misses you. The wolf spider bites you.
You die...

###......^....###
#......##..#..#
#..#.####### ..#
#...## ###.## ..#
#....##.#...# ..
##...#^.... ###
##.##...# .##
#..#..#.#.. ...
#.s@.....# ..#
##.s#...#... ##..
#..a#....#..#
##...
#.^.##...#..#
#...[
#..##^..##..# ##s
#....[.....# ##..
##.........# #..a
##..###...# #...
##...##....##
#...


You could see an entropy weaver, a wolf spider and a redback.

Vanquished Creatures
  Nikola (Lair:4)
  Frances (D:13)
  2 ghost moths (Spider:1)
  A frost giant (IceCv)
  An ironheart preserver (D:14)
  A rakshasa (D:15)
  Erolcha (D:11)
  Fannar (D:11)
  5 centaur warriors
  10 hydras
  2 tengu warriors (D:14)
  6 ogre magi (D:15)
  8 two-headed ogres
  4 orc high priests
  Nergalle (D:11)
  4 skeletal warriors (D:14)
  2 wizards
  An unseen horror (D:15)
  Pikel (D:5)
  7 orc knights
  3 wolf spiders
  13 ugly things
  A cyclops (shapeshifter) (D:15)
  3 deep elf magi
  6 orb spiders (Spider:1)
  2 manticores
  9 orc sorcerers
  6 cyclopes
  5 black mambas
  An ice statue (IceCv)
  A naga mage (D:15)
  12 elephants
  2 gargoyles
  18 spiny frogs
  A kobold demonologist (D:15)
  3 freezing wraiths
  6 rime drakes
  2 tengu conjurers (D:11)
  6 komodo dragons
  2 demonic crawlers (Lair:4)
  2 yaktaurs (shapeshifter) (D:15)
  2 efreet
  5 trolls
  12 polar bears
  A queen bee (Lair:4)
  3 meliai (Spider:1)
  A wind drake (shapeshifter) (D:13)
  9 jumping spiders
  5 tyrant leeches
  Grinder (D:5)
  5 dream sheep
  11 slime creatures
  10 hippogriffs
  A dream sheep (shapeshifter) (D:10)
  26 blink frogs
  9 tarantellas
  2 shadows
  39 redbacks
  2 wraiths (D:15)
  31 yaks
  2 vampires (D:14)
  3 fire bats (Lair:3)
  A basilisk (Lair:4)
  3 hungry ghosts
  8 vampire mosquitoes
  6 porcupines
  2 wargs
  30 orc warriors
  14 water moccasins
  A hornet zombie (D:15)
  2 black bears (D:8)
  4 sky beasts
  An eye of draining (D:15)
  9 ice beasts
  An ogre (shapeshifter) (D:15)
  A necrophage (D:11)
  4 boggarts (D:15)
  13 ogres
  19 wolves
  13 centaurs
  7 crocodiles
  A big kobold (D:12)
  22 bullfrogs
  A wyvern zombie (D:12)
  3 wyvern skeletons
  3 scorpions
  A water moccasin skeleton (D:10)
  31 killer bees
  21 wights
  4 electric eels
  4 lava snakes (Lair:4)
  3 howler monkeys
  A howler monkey (shapeshifter) (D:15)
  7 crimson imps
  6 centaur zombies
  9 hounds
  A quasit (D:8)
  A bullfrog zombie (D:11)
  20 orc priests
  8 centaur skeletons
  4 jellies
  2 gnoll shamans (D:7)
  3 iguanas
  16 orc wizards
  9 worker ants
  A howler monkey zombie (D:11)
  2 worker ant zombies
  A howler monkey skeleton (D:8)
  13 adders
  14 gnolls
  2 oozes
  2 adder skeletons
  2 dart slugs (D:1)
  3 leopard geckos
  74 orcs
  6 bats
  8 giant cockroaches
  A goblin (shapeshifter) (D:15)
  8 goblins
  10 hobgoblins
  22 jackals
  14 kobolds
  8 quokkas
  2 ball pythons
  A ball python skeleton (D:4)
  3 frilled lizards
  A jackal skeleton (D:4)
  A leopard gecko skeleton (D:7)
  3 rats
  6 fungi
  8 plants
880 creatures vanquished.

Vanquished Creatures (others)
  A slime creature (D:15)
  An elephant (Lair:6)
  A komodo dragon (Lair:5)
  An ogre (D:5)
  A wolf (IceCv)
  2 wights
  2 howler monkeys
  A howler monkey zombie (D:7)
  An adder skeleton (D:5)
  2 orcs
  11 fungi
  33 plants
57 creatures vanquished.

Grand Total: 937 creatures vanquished

Notes
Turn   | Place    | Note
-------+----------+-------------------------------------------
     0 | D:1      | wilfster70 the Draconian Fire Elementalist began the quest
                  | for the Orb.
     0 | D:1      | Reached XP level 1. HP: 14/14 MP: 3/3
    79 | D:1      | Reached XP level 2. HP: 14/20 MP: 0/5
   648 | D:1      | Reached XP level 3. HP: 22/26 MP: 6/6
   659 | D:1      | Learned a level 3 spell: Conjure Flame
   813 | D:2      | Noticed a +0 dagger
   813 | D:2      | Noticed a +0 dagger
  1115 | D:2      | You fall through a shaft for 2 floors!
  1119 | D:4      | Noticed a scorpion
  1143 | D:3      | Killed a scorpion
  1143 | D:3      | Reached XP level 4. HP: 23/33 MP: 0/8
  1236 | D:3      | Learned a level 4 spell: Sticky Flame
  1806 | D:3      | Reached XP level 5. HP: 38/38 MP: 9/9
  2276 | D:3      | Gained mutation: You are frail. (-10% HP) [potion of
                  | mutation]
  2276 | D:3      | Gained mutation: You are clumsy. (Dex -2) [potion of
                  | mutation]
  2276 | D:3      | Gained mutation: You tend to lose your temper in combat.
                  | [potion of mutation]
  2276 | D:3      | Gained mutation: Your mind is acute. (Int +2) [potion of
                  | mutation]
  2495 | D:4      | Found an ornate altar of the Wu Jian Council.
  2654 | D:4      | Found a sacrificial altar of Ru.
  2664 | D:4      | Became a worshipper of Ru the Awakened
  2820 | D:4      | Found a radiant altar of Vehumet.
  2944 | D:4      | Reached XP level 6. HP: 40/40 MP: 11/11
  2953 | D:4      | Found a shimmering altar of Xom.
  2954 | D:4      | Found a shimmering altar of Xom.
  2957 | D:4      | Found a shimmering altar of Xom.
  2957 | D:4      | Found a shimmering altar of Xom.
  2957 | D:4      | Found a shimmering altar of Xom.
  2959 | D:4      | Found a shimmering altar of Xom.
  2959 | D:4      | Found a shimmering altar of Xom.
  2960 | D:4      | Found a shimmering altar of Xom.
  3239 | D:5      | Entered Level 5 of the Dungeon
  3338 | D:5      | Noticed a slave
  3339 | D:5      | Noticed Pikel
  3348 | D:5      | Noticed a slave
  3349 | D:5      | Noticed a slave
  3350 | D:5      | Noticed a slave
  3372 | D:5      | Killed Pikel
  3372 | D:5      | Reached skill level 5 in Fire Magic
  3372 | D:5      | Your scales start taking on an icy white colour.
  3372 | D:5      | Reached XP level 7. HP: 29/45 MP: 0/14
  3372 | D:5      | Gained mutation: Your flesh is cold resistant. (rC+) [White
                  | Draconian growth]
  3521 | D:5      | Noticed Grinder
  3550 | D:5      | Killed Grinder
  3550 | D:5      | Reached skill level 5 in Spellcasting
  3550 | D:5      | Reached skill level 5 in Conjurations
  3550 | D:5      | Reached skill level 5 in Fire Magic
  3696 | D:5      | Reached XP level 8. HP: 51/51 MP: 10/15
  3775 | D:5      | Gained mutation: You are somewhat inexperienced. (-2 XL)
                  | [Ru sacrifice]
  3775 | D:5      | Reached XP level 7. HP: 45/45 MP: 14/14
  3775 | D:5      | Reached XP level 6. HP: 40/40 MP: 13/13
  3775 | D:5      | Reached * piety under Ru
  3775 | D:5      | Reached ** piety under Ru
  4618 | D:6      | Got a crude shortbow
  4798 | D:6      | Reached XP level 7. HP: 39/45 MP: 10/15
  5203 | D:6      | Identified the +11 shortbow of the Puffin {freeze, MR+
                  | Str+2} (You found it on level 6 of the Dungeon)
  5714 | D:2      | Found a hide-covered altar of Uskayaw.
  6019 | D:7      | Found a staircase to the Ecumenical Temple.
  6085 | D:7      | Reached skill level 1 in Fighting
  6099 | D:7      | Reached skill level 1 in Bows
  6192 | D:7      | Reached XP level 8. HP: 53/54 MP: 8/17
  6306 | D:7      | Reached skill level 2 in Bows
  6637 | D:7      | Gained mutation: You are hated by all. [Ru sacrifice]
  6637 | D:7      | Reached *** piety under Ru
  6642 | D:7      | Noticed a hippogriff
  6680 | D:7      | Killed a hippogriff
  6680 | D:7      | Reached skill level 3 in Bows
  6811 | D:7      | Noticed a hippogriff
  6825 | D:7      | Killed a hippogriff
  6825 | D:7      | Reached skill level 5 in Fighting
  6825 | D:7      | Reached skill level 4 in Bows
  6900 | D:7      | Found an opulent altar of Gozag.
  7038 | D:7      | Reached XP level 9. HP: 57/66 MP: 9/18
  7412 | D:8      | Noticed a two-headed ogre
  7425 | D:8      | Killed a two-headed ogre
  7425 | D:8      | Reached skill level 6 in Bows
  7719 | D:8      | Reached skill level 7 in Bows
  8289 | D:8      | Reached XP level 10. HP: 74/74 MP: 16/19
  8338 | D:8      | Reached skill level 8 in Bows
  8837 | D:9      | Gained mutation: You are somewhat unskilled. (-1 Apt) [Ru
                  | sacrifice]
  8837 | D:9      | Reduced skill Fighting to level 5
  8837 | D:9      | Reduced skill Bows to level 7
  8837 | D:9      | Reduced skill Spellcasting to level 5
  8837 | D:9      | Reduced skill Conjurations to level 5
  8837 | D:9      | Reduced skill Fire Magic to level 5
  8837 | D:9      | Reached **** piety under Ru
  8837 | D:9      | Reached ***** piety under Ru
  9544 | D:10     | Entered Level 10 of the Dungeon
  9623 | D:10     | Reached skill level 8 in Bows
 10139 | D:10     | Noticed a cyclops
 10161 | D:10     | Killed a cyclops
 10242 | D:10     | Noticed a cyclops
 10261 | D:10     | Killed a cyclops
 10261 | D:10     | Reached skill level 9 in Bows
 10501 | D:10     | Found a staircase to the Lair.
 10661 | D:10     | Reached XP level 11. HP: 72/79 MP: 16/20
 10856 | D:10     | Found Jupnise's Weapon Boutique.
 10916 | D:11     | Identified a scroll of acquirement
 10916 | D:11     | Identified Geadoeg's Volume of Harmful Transmutation (You
                  | acquired it on level 11 of the Dungeon)
 10926 | D:11     | Noticed a white ugly thing
 10952 | D:10     | Killed a white ugly thing
 11044 | D:11     | Noticed a white ugly thing
 11066 | D:11     | Killed a white ugly thing
 11207 | D:11     | Noticed a five-headed hydra
 11221 | D:11     | Killed a five-headed hydra
 11221 | D:11     | Reached skill level 10 in Bows
 11371 | D:11     | Gained mutation: You are slightly vulnerable to magic.
                  | (MR-) [Ru sacrifice]
 11371 | D:11     | Reached ****** piety under Ru
 11375 | D:11     | Noticed Erolcha
 11395 | D:11     | Killed Erolcha
 11766 | D:11     | Reached skill level 11 in Bows
 12242 | D:11     | Noticed Fannar
 12265 | D:11     | Killed Fannar
 12392 | D:11     | Noticed a green ugly thing
 12398 | D:11     | Killed a green ugly thing
 12413 | D:11     | You fall through a shaft!
 12421 | D:12     | Reached skill level 12 in Bows
 12500 | D:12     | Found Qioniefi's General Store.
 12518 | D:12     | Bought a scroll of identify for 22 gold pieces
 12667 | D:11     | Noticed Nergalle
 12678 | D:11     | Killed Nergalle
 12678 | D:11     | Reached XP level 12. HP: 71/84 MP: 21/21
 12777 | Lair:1   | Entered Level 1 of the Lair of Beasts
 12784 | Lair:1   | You fall through a shaft!
 13730 | Lair:2   | You fall through a shaft!
 13973 | Lair:2   | Noticed a six-headed hydra
 13977 | Lair:2   | Killed a six-headed hydra
 13977 | Lair:2   | Reached skill level 13 in Bows
 14896 | Lair:3   | Reached skill level 14 in Bows
 15055 | Lair:3   | Noticed a four-headed hydra
 15065 | Lair:3   | Killed a four-headed hydra
 15967 | Lair:4   | Found a staircase to the Shoals.
 16057 | Lair:4   | Reached XP level 13. HP: 93/93 MP: 23/23
 16247 | Lair:4   | Found a hole to the Spider Nest.
 17092 | Lair:5   | Found a runed translucent gate.
 17096 | Lair:5   | Found a runed translucent gate.
 17096 | Lair:5   | Found a runed translucent gate.
 17098 | Lair:5   | Noticed Jeban's ghost (journeyman OpFi)
 17100 | Lair:5   | Noticed slayr's ghost (journeyman VSSu)
 17100 | Lair:5   | Noticed Kaofid's ghost (journeyman GrEE)
 17100 | Lair:5   | Noticed Otaguph's ghost (journeyman CeAM)
 17684 | Lair:6   | Entered Level 6 of the Lair of Beasts
 17684 | Lair:6   | Found a staircase to the Slime Pits.
 19133 | Lair:5   | Reached skill level 10 in Fighting
 20057 | Lair:5   | Reached XP level 14. HP: 99/108 MP: 19/27
 20127 | Lair:6   | Learned a level 5 spell: Fireball
 20796 | Lair:6   | Got a dazzling war axe
 20797 | Lair:6   | Identified the cursed +2 war axe of Moral Flaws {chop,
                  | +Blink +Rage Str+3 Dex+4} (You found it on level 6 of the
                  | Lair of Beasts)
 21350 | D:12     | Reached skill level 10 in Spellcasting
 21373 | D:12     | HP: 5/108 [large slime creature (33)]
 21648 | D:12     | Lost mutation: You are clumsy. (Dex -2) [potion of
                  | mutation]
 21648 | D:12     | Lost mutation: You are frail. (-10% HP) [potion of
                  | mutation]
 21648 | D:12     | Gained mutation: Your spells are a little harder to cast,
                  | but a little more powerful. [potion of mutation]
 21648 | D:12     | Gained mutation: Your tail ends in a poisonous barb.
                  | [potion of mutation]
 21648 | D:12     | Gained mutation: Scrolls take you a little longer to read.
                  | [potion of mutation]
 21649 | D:12     | Lost mutation: Your mind is acute. (Int +2) [potion of
                  | mutation]
 21649 | D:12     | Lost mutation: Scrolls take you a little longer to read.
                  | [potion of mutation]
 21649 | D:12     | Lost mutation: Your tail ends in a poisonous barb. [potion
                  | of mutation]
 21649 | D:12     | Lost mutation: You tend to lose your temper in combat.
                  | [potion of mutation]
 21649 | D:12     | Gained mutation: You expend magic power (3 MP) to
                  | strengthen your wands. [potion of mutation]
 21649 | D:12     | Gained mutation: You have a pair of small horns on your
                  | head. [potion of mutation]
 21914 | D:12     | Found Okkichun's Distillery.
 21917 | D:12     | Found Foefec's Antique Armour Boutique.
 21939 | D:12     | Bought a pair of embroidered boots for 247 gold pieces
 21949 | D:12     | Identified a +1 pair of boots of running (You bought it in
                  | a shop on level 12 of the Dungeon)
 21952 | D:12     | Bought a pair of runed gloves for 247 gold pieces
 21993 | D:12     | Found a staircase to the Orcish Mines.
 22015 | D:12     | Found Ehaex's Jewellery Shoppe.
 22023 | D:12     | Bought a cursed amulet of inaccuracy for 34 gold pieces
 22299 | D:13     | Noticed Frances
 22315 | D:13     | Killed Frances
 22456 | Orc:1    | Entered Level 1 of the Orcish Mines
 22587 | Orc:1    | Found a frozen archway.
 22603 | IceCv    | Entered an ice cave
 23226 | IceCv    | Noticed a frost giant
 23370 | IceCv    | Killed a frost giant
 23887 | Orc:1    | Reached skill level 5 in Dodging
 24020 | Orc:1    | Paralysed by an orc sorcerer for 4 turns
 24033 | Orc:1    | Found a roughly hewn altar of Beogh.
 24222 | Orc:2    | Entered Level 2 of the Orcish Mines
 24594 | Orc:2    | Found a staircase to the Elven Halls.
 24993 | Orc:2    | Found Onuar's Jewellery Shoppe.
 24999 | Orc:2    | Found Tubagh's Armour Boutique.
 25283 | Orc:2    | Found Wekleonn's Weapon Shoppe.
 25285 | Orc:2    | Found Vineschu's Jewellery Boutique.
 25309 | Orc:2    | Bought the amulet of Vitality {Regen+ HP+15} for 948 gold
                  | pieces
 25309 | Orc:2    | Found the amulet of Vitality {Regen+ HP+15}
 25324 | Orc:2    | Bought the ring "Xodaq" {rPois rF+ rC- Str+2 Dex+3} for 436
                  | gold pieces
 25597 | D:13     | Found Lyaghoeffo's Book Shop.
 25985 | D:13     | Reached XP level 15. HP: 126/126 MP: 29/29
 26017 | D:13     | Learned a level 3 spell: Regeneration
 26307 | D:13     | Reached skill level 1 in Necromancy
 26597 | D:14     | Found a runed translucent gate.
 26597 | D:14     | Found a runed translucent gate.
 26598 | D:14     | Noticed krystol's ghost (journeyman FeBe)
 26599 | D:14     | Found a runed translucent gate.
 26621 | D:14     | Reached skill level 1 in Charms
 27582 | D:14     | Found a gate to the Vaults.
 28662 | D:15     | Entered Level 15 of the Dungeon
 28872 | D:15     | Reached skill level 5 in Necromancy
 29317 | D:15     | Reached skill level 5 in Charms
 29648 | D:15     | Found the +12 glaive of Prune {chop}
 29862 | D:15     | Reached XP level 16. HP: 77/134 MP: 31/31
 29945 | D:15     | Found a staircase to the Depths.
 30321 | Spider:1 | Entered Level 1 of the Spider Nest
 31383 | Spider:1 | Noticed Nikola
 31389 | Lair:4   | Killed Nikola
 33013 | Spider:2 | HP: 2/149 [wolf spider (11)]
 33013 | Spider:2 | Slain by a wolf spider

Skill      XL: |  1  2  3  4  5  6  7  8  9 10 11 12 13 14 15 16 |
---------------+-------------------------------------------------+-----
Conjurations   | 2 3 4 6 6 7 |  7.1
Spellcasting   | 3 4 6 6 9 10 11 12 | 12.9
Fire Magic     | 4 4 6 6 8 |  8.0
Fighting       | 2 5 6 5 6 10 | 10.0
Bows           | 1 4 7 9 12 14 | 14.0
Dodging        | 6 |  6.0
Necromancy     | 6 |  6.0
Charms         | 5 6 |  6.0
Polearms       | 3 |  3.9
Stealth        | |  1.5

Action                   |  1- 3 |  4- 6 |  7- 9 | 10-12 | 13-15 | 16-18 || total
-------------------------+-------+-------+-------+-------+-------+-------++-------
Melee: Unarmed           |     3 |       |       |       |       |       ||     3
       Dagger            |    27 |   176 |   113 |    90 |    82 |     9 ||   497
       Whip              |    11 |       |       |       |       |       ||    11
       Tailslap          |     3 |    13 |    10 |    11 |     9 |     7 ||    53
       Headbutt          |       |       |       |       |     9 |    10 ||    19
       Glaive            |       |       |       |       |       |    37 ||    37
       Shortbow          |       |       |       |       |       |     4 ||     4
 Fire: Hunting sling     |       |     1 |       |       |       |       ||     1
       Shortbow          |       |       |    77 |   507 |  1427 |   139 ||  2150
Throw: Stone             |       |       |       |       |     3 |       ||     3
 Cast: Flame Tongue      |    47 |    29 |    57 |    64 |   146 |     3 ||   346
       Sticky Flame      |       |     6 |    31 |    37 |    64 |    18 ||   156
       Conjure Flame     |       |     1 |     5 |     7 |     6 |       ||    19
       Fireball          |       |       |       |       |     5 |       ||     5
       Regeneration      |       |       |       |       |       |     2 ||     2
Invok: Sacrifice Experie |       |     1 |       |       |       |       ||     1
       Sacrifice Love    |       |       |     1 |       |       |       ||     1
       Sacrifice Skill   |       |       |       |     1 |       |       ||     1
       Sacrifice Essence |       |       |       |     1 |       |       ||     1
       Apocalypse        |       |       |       |       |     8 |     3 ||    11
       Draw Out Power    |       |       |       |       |       |     1 ||     1
 Abil: Breathe Frost     |       |     1 |     2 |     1 |       |       ||     4
  Use: Scroll            |       |     9 |     3 |    21 |    11 |     1 ||    45
       Potion            |       |     1 |       |     3 |     4 |     5 ||    13
 Stab: Sleeping          |     4 |     5 |     1 |       |     1 |       ||    11
       Distracted        |       |       |     1 |     1 |       |       ||     2
       Paralysed         |       |       |       |       |     3 |     2 ||     5
       Invisible         |       |       |       |       |     2 |       ||     2
  Eat: Chunk             |     1 |    10 |    12 |    23 |    34 |       ||    80
       Ration            |       |       |     2 |     2 |     3 |     3 ||    10
Armor: Skin              |    17 |    37 |    52 |    96 |   280 |   145 ||   627
Dodge: Dodged            |    46 |   171 |   182 |   238 |   437 |   238 ||  1312
